 Dungeon Crawl Stone Soup version 0.30.0-19-g36f170ea60 (webtiles) character file.

Game seed: 18182493674326964462

61 MrBoozer the Conjurer (level 4, -10/27 HPs)
             Began as an Octopode Conjurer on May 30, 2023.
             Killed from afar by Ijyb (17 damage)
             ... with an iceblast
             ... on level 3 of the Dungeon.
             The game lasted 00:09:04 (2146 turns).

MrBoozer the Conjurer (Octopode Conjurer)           Turns: 2146, Time: 00:09:05

Health: -10/27     AC:  1    Str:  6    XL:     4   Next: 7%
Magic:  2/7        EV: 13    Int: 22    God:
Gold:   123        SH:  0    Dex: 10    Spells: 6/7 levels left

rFire   + . .        l - +6 dagger of the Enfolding Ass {flame, rF+}
rCold   . . .        (no shield)
rNeg    . . .        (helmet restricted)
rPois   .            (no amulet)
rElec   .            (no ring)
rCorr   .            (no ring)
SInv    .            (no ring)
Will    .....        (no ring)
Stlth   +++          (no ring)
HPRegen 0.24/turn    (no ring)
MPRegen 0.10/turn    (no ring)
                     (no ring)

%: no passive effects
@: no status effects
A: almost no armour, amphibious, 8 rings, camouflage 1, gelatinous body 1,
(nimble swimmer 1), tentacles
a: no special abilities


You were on level 3 of the Dungeon.
You visited 1 branch of the dungeon, and saw 3 of its levels.

You collected 123 gold pieces.

Inventory:

Hand Weapons
 l - the +6 dagger of the Enfolding Ass (weapon) {flame, rF+}
   (You found it on level 2 of the Dungeon)

   rF:        It protects you from fire.
Scrolls
 b - 2 scrolls of identify {unknown}
 i - a scroll of immolation {unknown}
 j - a scroll of noise {unknown}
 k - a scroll of fear {unknown}
Potions
 a - a potion of magic
 c - 2 potions of lignification {unknown}
 d - a potion of heal wounds {unknown}
 e - 2 potions of attraction {unknown}
 f - a potion of ambrosia {unknown}
 g - 2 potions of brilliance {unknown}
 h - a potion of curing {unknown}


   Skills:
 * Level 1.1 Short Blades
 - Level 2.1 Dodging
 - Level 2.9 Stealth
 - Level 2.1 Spellcasting
 - Level 5.0 Conjurations


You had 6 spell levels left.
You knew the following spells:

 Your Spells              Type           Power      Damage    Failure   Level
a - Magic Dart            Conj           96%        1d7       1%          1

Your spell library contained the following spells:

 Spells                   Type           Power      Damage    Failure   Level
 Searing Ray              Conj           48%        2d6       2%          2
 Dazzling Flash           Conj/Hex       26%        N/A       14%         3
 Fulminant Prism          Conj/Hex       6%         3d6       43%         4
 Iskenderun's Mystic Bla  Conj/Tloc      13%        2d5       43%         4


Dungeon Overview and Level Annotations

Branches:
Dungeon (3/15)

Altars:

Annotations:
D:3 Ijyb


Innate Abilities, Weirdness & Mutations

You cannot wear most types of armour.
You are amphibious.
You can wear up to eight rings at the same time.
Your skin changes colour to match your surroundings (Stealth+).
Your rubbery body absorbs attacks. (AC +1, EV +1)
((You are camouflaged when in or above water. (Stealth+)))
You have tentacles for arms and can constrict up to eight enemies at once.


Message History

Ijyb barely misses you.
Casting: Magic Dart (safe; 1% risk of failure)
Confirm with . or Enter, or press ? or * to list all spells.
Aiming: Magic Dart (safe; 1% risk of failure)
Press: ? - help, Shift-Dir - straight line, f/p - Ijyb
Aim: Ijyb, wielding a +0 dagger, wearing a +0 scale mail and carrying a wand of iceblast (3) (100% to hit)
The magic dart hits Ijyb.
Ijyb is lightly wounded.
Ijyb completely misses you.
Casting: Magic Dart (safe; 1% risk of failure)
Confirm with . or Enter, or press ? or * to list all spells.
Aiming: Magic Dart (safe; 1% risk of failure)
Press: ? - help, Shift-Dir - straight line, f/p - Ijyb
Aim: Ijyb, wielding a +0 dagger, wearing a +0 scale mail and carrying a wand of iceblast (3) (lightly wounded, 100% to hit)
The magic dart hits Ijyb.
Ijyb is moderately wounded.
Ijyb screams, "I dance on your bones!" Ijyb hits you with a +0 dagger.
* * * LOW HITPOINT WARNING * * *
Casting: Magic Dart (safe; 1% risk of failure)
Confirm with . or Enter, or press ? or * to list all spells.
Aiming: Magic Dart (safe; 1% risk of failure)
Press: ? - help, Shift-Dir - straight line, f/p - Ijyb
Aim: Ijyb, wielding a +0 dagger, wearing a +0 scale mail and carrying a wand of iceblast (3) (moderately wounded, 100% to hit)
The magic dart hits Ijyb but does no damage.
Ijyb is moderately wounded.
Ijyb hits you but does no damage.
Casting: Magic Dart (safe; 1% risk of failure)
Confirm with . or Enter, or press ? or * to list all spells.
Aiming: Magic Dart (safe; 1% risk of failure)
Press: ? - help, Shift-Dir - straight line, f/p - Ijyb
Aim: Ijyb, wielding a +0 dagger, wearing a +0 scale mail and carrying a wand of iceblast (3) (moderately wounded, 100% to hit)
The magic dart hits Ijyb but does no damage.
Ijyb is moderately wounded.
A goblin comes into view. It is wielding a +0 club.
Ijyb screams, "Get away!"
Ijyb closely misses you.
Ijyb zaps a wand.
The mass of ice explodes!
The iceblast engulfs you!
Ouch! That really hurt!
You die...

....... .....S.
....... ### .......
.... ....... .....
.......#####......
.........@.gg.....
#.#######.####......
##.#######.# .....
..........# ###.
#.#######.####
######.######.....#
...<.#.........[..#
####......###.....#
#......# #.....#


You could see Ijyb and a goblin.

Vanquished Creatures
  An adder (D:2)
  A worm (D:2)
  3 dart slugs
  4 ball pythons
  4 bats
  2 endoplasms (D:1)
  3 giant cockroaches (D:1)
  2 goblins
  4 hobgoblins
  3 jackals (D:1)
  3 kobolds (D:1)
  3 quokkas
  A frilled lizard (D:1)
  5 rats
39 creatures vanquished.

Notes
Turn   | Place    | Note
-------+----------+-------------------------------------------
     0 | D:1      | MrBoozer the Octopode Conjurer began the quest for the Orb.
     0 | D:1      | Reached XP level 1. HP: 11/11 MP: 3/3
    99 | D:1      | Reached XP level 2. HP: 13/17 MP: 1/5
   181 | D:1      | Found a faded altar of an unknown god.
   582 | D:1      | Reached XP level 3. HP: 21/21 MP: 0/6
  1113 | D:2      | Identified the +6 dagger of the Enfolding Ass {flame, rF+}
  1543 | D:2      | Reached skill level 5 in Conjurations
  1673 | D:2      | Reached XP level 4. HP: 27/27 MP: 5/7
  2123 | D:3      | Reached skill level 1 in Short Blades
  2137 | D:3      | Noticed Ijyb
  2146 | D:3      | Killed from afar by Ijyb

Illustrated notes

Levels and vault maps discovered:
D:1:      dpeg_arrival_pond, layout_basic,
          hellmonk_ecumenical_altar_heavens_door, grunt_decor_mini_mirrors,
          interstate_on_off
D:2:      layout_loops_corners
D:3:      layout_basic, minmay_rat_hole, uniq_ijyb, uniq_grinder

Skill      XL: |  1  2  3  4 |
---------------+-------------+-----
Conjurations   | 5 |  5.0
Short Blades   | 1 |  1.1
Dodging        | |  2.1
Stealth        | |  2.9
Spellcasting   | |  2.1

Action                     |  1- 3 |  4- 6 || total
---------------------------+-------+-------++-------
  Melee: Unarmed           |    13 |       ||    13
         Tentacles         |     7 |       ||     7
         Constrict         |     8 |       ||     8
         Dagger            |    10 |     3 ||    13
   Cast: Magic Dart        |    56 |     5 ||    61
   Stab: Sleeping          |     1 |     1 ||     2
 Armour: Skin              |     3 |     1 ||     4
  Dodge: Dodged            |    14 |     4 ||    18
